 Dungeon Crawl Stone Soup version 0.29-a0-322-g68df515428 (webtiles) character file.

Game seed: 11735358182169164459

30 GigaChad the Skirmisher (level 3, -1/33 HPs)
             Began as a Draconian Chaos Knight on Apr 7, 2022.
             Was a Plaything of Xom.
             Frozen to death by an endoplasm (5 damage)
             ... on level 2 of the Dungeon.
             The game lasted 00:04:38 (1445 turns).

GigaChad the Skirmisher (Draconian Chaos Knight)    Turns: 1445, Time: 00:04:38

Health: -1/33      AC:  5    Str: 14    XL:     3   Next: 5%
Magic:  3/3        EV: 10    Int: 12    God:    Xom [*.....]
Gold:   42         SH:  6    Dex: 12    Spells: 2/2 levels left

rFire   . . .      SeeInvis .   a - +0 falchion (chaos)
rCold   . . .      Faith    .   c - +0 kite shield
rNeg    . . .      Spirit   .   (body armour unavailable)
rPois   .          Reflect  .   (helmet restricted)
rElec   .          Harm     .   (no cloak)
rCorr   .          Rampage  .   (no gloves)
Will    .....                   (no boots)
Stlth   +.........              (no amulet)
HPRegen 0.11/turn               (no ring)
MPRegen 0.08/turn               (no ring)

@: unable to read
A: AC +5, unfitting armour, cold-blooded, horns 1, inability to read while
threatened
a: Renounce Religion


You were on level 2 of the Dungeon.
You worshipped Xom.
You were a special plaything of Xom.
You visited 1 branch of the dungeon, and saw 2 of its levels.

You collected 42 gold pieces.

Inventory:

Hand Weapons
 a - a +0 falchion of chaos (weapon)
Armour
 c - a +0 kite shield (worn)
Scrolls
 d - a scroll of teleportation {unknown}
Miscellaneous
 b - a piece from Xom's chessboard (14/15) (quivered)


   Skills:
 + Level 3.9 Fighting
 + Level 3.4 Long Blades
 + Level 2.5 Dodging
 + Level 0.1 Stealth
 + Level 0.1 Shields


You had 2 spell levels left.
You didn't know any spells.
Your spell library contained the following spells:

 Spells                   Type           Power      Damage    Failure   Level
 Slow                     Hex            0%         N/A       75%         1
 Confusing Touch          Hex            0%         N/A       98%         3
 Vampiric Draining        Necr           0%         2d6       98%         3


Dungeon Overview and Level Annotations

Branches:
Dungeon (2/15)

Altars:

Annotations:
D:2 Robin


Innate Abilities, Weirdness & Mutations

Your plain brown scales are hard. (AC +5)
You cannot fit into any form of body armour.
You are cold-blooded and may be slowed by cold attacks.
You have a pair of small horns on your head.
You sometimes lose the ability to read scrolls when taking damage.


Message History

The goblin is severely wounded.
The hobgoblin barely misses you. You block the goblin's attack.
The endoplasm freezes you.
You are frozen.
You feel yourself slow down. The goblin hits you with a +0 club.
* * * LOW HITPOINT WARNING * * *
The hobgoblin closely misses you.
You are too injured to fight recklessly!
You barely miss the goblin. Your headbutt misses the goblin.
The goblin is heavily wounded.
You block the hobgoblin's attack. You block the goblin's attack.
The hobgoblin hits you but does no damage.
The goblin barely misses you. The endoplasm closely misses you.
The goblin hits you but does no damage.
The hobgoblin hits you but does no damage.
The hobgoblin closely misses you. The goblin hits you but does no damage.
The endoplasm barely misses you.
You hit the hobgoblin. You headbutt the hobgoblin.
You kill the hobgoblin!
You can read scrolls again.
The goblin closely misses you. The hobgoblin closely misses you.
The goblin hits you with a +0 club.
You feel threatened and lose the ability to read scrolls!
* * * LOW HITPOINT WARNING * * *
The endoplasm barely misses you.
The hobgoblin hits you but does no damage.
You block the goblin's attack. The hobgoblin hits you.
* * * LOW HITPOINT WARNING * * *
The endoplasm barely misses you. The goblin closely misses you.
You make a move on Xom's chessboard...
Robin resists with significant effort.
You feel yourself speed up.
The hobgoblin no longer looks unusually strong.
The goblin no longer looks unusually strong.
You block the goblin's attack.
The hobgoblin hits you but does no damage.
You block the goblin's attack. The hobgoblin barely misses you.
The endoplasm freezes you.
You are frozen.
You die...
Xom howls with laughter!

## #. #. #. . #.
... #.###########
#.#..#g#gg.......#
......g@gg........
..#..#.#Jg....?..#
# #.#g........#
#.#.........#
..#.........#
..#.........#
..$###.####### .#.
#.#


You could see Robin (fast), an endoplasm, 2 hobgoblins and 5 goblins.

Vanquished Creatures
  A dart slug (D:1)
  5 bats (D:1)
  An endoplasm (D:1)
  A giant cockroach (D:1)
  2 hobgoblins
  3 kobolds (D:1)
  A quokka (D:1)
  2 ball pythons (D:1)
  A frilled lizard (D:1)
  8 goblins
  2 rats (D:1)
27 creatures vanquished.

Notes
Turn   | Place    | Note
-------+----------+-------------------------------------------
     0 | D:1      | GigaChad the Draconian Chaos Knight began the quest for the
                  | Orb.
     0 | D:1      | Reached XP level 1. HP: 19/19 MP: 1/1
   178 | D:1      | Reached XP level 2. HP: 14/26 MP: 2/2
   249 | D:1      | XOM: summons 2 hostile shadow creatures
   600 | D:1      | XOM: 1-stop teleportation journey
   903 | D:1      | XOM: give mutations
   903 | D:1      | Gained mutation: You sometimes lose the ability to read
                  | scrolls when taking damage. [Xom's mischief]
   903 | D:1      | Gained mutation: You have a pair of small horns on your
                  | head. [Xom's mischief]
   912 | D:1      | Found a faded altar of an unknown god.
  1434 | D:2      | Noticed Robin
  1438 | D:2      | XOM: enchant monster (bad)
  1442 | D:2      | Reached XP level 3. HP: 17/33 MP: 3/3
  1445 | D:2      | Frozen to death by an endoplasm

Illustrated notes

Levels and vault maps discovered:
D:1:      shiori_arrival_elements, layout_loops_corners,
          chequers_ecumenical_altar_simple
D:2:      layout_basic, basic_altar, uniq_robin, uniq_crazy_yiuf_cottage

Action                   || total
-------------------------++-------
Melee: Falchion          ||    67
       Tailslap          ||     5
       Headbutt          ||     4
       Punch             ||     2
Evoke: Piece from Xom's  ||     1
  Use: Scroll            ||     1
 Stab: Paralysed         ||     1
Armor: Skin              ||    34
Dodge: Dodged            ||    61
Block: Kite shield       ||    18

Table legend: (Time is in decaauts)
 A = Elapsed time spent in this place.
 B = Non-inter-level travel time spent in this place.
 C = Inter-level travel time spent in this place.
 D = Time resting spent in this place.
 E = Time spent auto-exploring this place.
 F = Levels seen in this place.
 G = Mean time per level.
                   A        B        C        D        E       F      G
               +--------+--------+--------+--------+--------+-----+--------+
         Total |   1463 |   1454 |      9 |    303 |    583 |   2 |  731.5 |
       Dungeon |   1463 |   1454 |      9 |    303 |    583 |   2 |  731.5 |
               +--------+--------+--------+--------+--------+-----+--------+

Top non-repeatable levels by time:
     D:1: 1448 daAuts
     D:2: 14 daAuts
